 Dungeon Crawl Stone Soup version 0.31-a0-152-g6aa68a64a1 (webtiles) character file.

Game seed: 17099357485798312378

5823 qw the Skirmisher (level 10, -5/64 HPs)
             Began as a Gargoyle Hunter on June 11, 2023.
             Was a Priest of Okawaru.
             Slain by a death yak (17 damage)
             ... on level 1 of the Lair of Beasts.
             The game lasted 00:03:01 (6723 turns).

qw the Skirmisher (Gargoyle Hunter)                 Turns: 6723, Time: 00:03:02

Health: -5/64      AC: 22    Str: 16    XL:     10   Next: 80%
Magic:  13/14      EV: 17    Int:  9    God:    Okawaru [***...]
Gold:   344        SH:  0    Dex: 23    Spells: 9/9 levels left

rFire   . . .        j - +0 orcbow
rCold   + . .        (shield currently unavailable)
rNeg    + . .        m - +2 ring mail {rC+}
rPois   inf          h - +2 helmet
rElec   +            t - +1 cloak
rCorr   .            (no gloves)
SInv    .            (no boots)
Will    +....        a - amulet of regeneration
Stlth   +++          g - +6 ring of dexterity
HPRegen 1.10/turn    c - ring of willpower
MPRegen 0.14/turn

%: no passive effects
@: about to teleport, heroic
A: sickness immunity, AC +7, negative energy resistance 1, electricity
resistance, torment resistance 1, petrification resistance
a: Renounce Religion, Heroism


You were on level 1 of the Lair of Beasts.
You worshipped Okawaru.
Okawaru was most pleased with you.
You visited 3 branches of the dungeon, and saw 10 of its levels.

You collected 344 gold pieces.


Innate Abilities, Weirdness & Mutations

You are immune to sickness and miasma.
Your stone body is resilient. (AC +7)
You are immune to poison.
You resist negative energy. (rN+)
You are resistant to electric shocks. (rElec)
You are resistant to unholy torment.
You are immune to petrification.


   Skills:
 - Level 8.0(13.0) Fighting
 + Level 12.3(17.3) Ranged Weapons
 - Level 4.3(9.3) Armour
 - Level 4.1(9.1) Dodging
 - Level 1.1(6.1) Stealth
 - Level 5.5 Invocations


You had 9 spell levels left.
You didn't know any spells.
Your spell library was empty.

Inventory:

Hand Weapons
 j - a +0 orcbow (weapon)
Armour
 h - a +2 helmet (worn)
 m - a +2 ring mail of cold resistance (worn)
 t - a +1 cloak (worn)
Jewellery
 a - an amulet of regeneration (around neck)
 c - a ring of willpower (right hand)
 g - a +6 ring of dexterity (left hand)
 k - a ring of positive energy
 Y - a ring of resist corrosion
Scrolls
 b - a scroll of teleportation
 d - 2 scrolls of identify
 p - a scroll of amnesia {unknown}
Potions
 e - 2 potions of haste
 f - a potion of attraction
 i - 6 potions of curing
 l - a potion of enlightenment {unknown}
 n - a potion of might
 o - a potion of lignification {unknown}
 r - a potion of magic
 s - a potion of ambrosia {unknown}

Dungeon Overview and Level Annotations

Branches:
Dungeon (8/15)             Temple (1/1) D:5            Lair (1/5) D:8

Altars:
Ashenzari
Dithmenos
Elyvilon
Fedhas
Gozag
Hepliaklqana
Kikubaaqudgha
Makhleb
Okawaru
Qazlal
Ru
Sif Muna
Trog
Uskayaw
Vehumet
Wu Jian
Xom
Yredelemnul
Zin
The Shining One

Shops:
D:2 *

Annotations:
D:5 2 runed translucent doors, qw's ghost, novice MiHu
D:7 1 runed translucent door, Crazy Yiuf


Message History

You gain the combat prowess of a mighty hero.
A death yak comes into view.
You shoot an arrow. The death yak bellows!
The arrow hits the death yak.
The death yak is lightly wounded.
A death yak comes into view. x2
You shoot an arrow. The arrow hits the death yak!!
The death yak is moderately wounded.
You shoot an arrow. The arrow hits the death yak.
The death yak is heavily wounded.
You shoot an arrow. The arrow hits the death yak.
The death yak is heavily wounded.
You shoot an arrow.
The arrow hits the death yak but does no damage.
The death yak is heavily wounded.
You shoot an arrow.
The arrow hits the death yak but does no damage.
The death yak is heavily wounded.
The death yak misses you. The death yak gores you!
You shoot an arrow. The arrow barely misses the death yak.
The death yak barely misses you. The death yak gores you.
The death yak gores you!
You shoot an arrow. The arrow hits the death yak.
The death yak is heavily wounded.
You shoot an arrow.
The arrow hits the death yak but does no damage.
The death yak is heavily wounded.
The death yak gores you!
You shoot an arrow. The arrow hits the death yak.
The death yak is heavily wounded.
The death yak gores you.
The death yak gores you but does no damage.
The death yak misses you.
The death yak gores you but does no damage.
6723 ||| READING 2 scrolls of teleportation.
As you read the scroll of teleportation, it crumbles to dust.
You feel strangely unstable. The death yak gores you. The death yak misses you.
The death yak gores you!
You die...

#.. .>.......# #...# #..
#........# ##...# ##..
#.....?..# P...# P..
#........# #...# #..
#........# #...# #..
#........# ###...# #..
P.....YYY###P#...### #..
.....YY@Y........#.###..
........................
##.############.###.####
### ### #


You could see 6 death yaks.

Vanquished Creatures
  A two-headed ogre (D:6)
  Joseph (D:8)
  A rime drake (D:8)
  A polar bear (D:8)
  Prince Ribbit (D:7)
  4 yaks (Lair:1)
  A steam dragon (D:8)
  3 water moccasins
  4 ice beasts (D:8)
  2 orc warriors (D:7)
  2 sky beasts (D:7)
  3 wolves (D:8)
  2 ogres
  3 centaurs
  2 phantoms
  A kobold brigand (D:7)
  2 bullfrogs
  A gnoll sergeant (D:7)
  9 scorpions
  4 wights (D:7)
  A howler monkey (D:6)
  2 orc priests
  3 hounds
  2 jellies
  4 sleepcaps
  2 iguanas (D:6)
  2 orc wizards
  9 adders
  3 gnolls (D:7)
  2 ufetubi
  2 worms (D:4)
  A dart slug (D:3)
  15 orcs
  9 ball pythons
  10 bats
  3 endoplasms
  A giant cockroach (D:4)
  7 goblins
  3 hobgoblins
  3 jackals (D:2)
  4 quokkas
  5 frilled lizards
  10 kobolds
  7 rats (D:1)
158 creatures vanquished.

Vanquished Creatures (others)
  An orc wizard (D:7)
1 creature vanquished.

Grand Total: 159 creatures vanquished

Notes
Turn   | Place    | Note
-------+----------+-------------------------------------------
     0 | D:1      | qw the Gargoyle Hunter began the quest for the Orb.
     0 | D:1      | Reached XP level 1. HP: 12/12 MP: 1/1
     0 | D:1      | 0 ||| qw: Version: 0.2-a-29-g99eb96e
     0 | D:1      | 0 ||| qw: Game counter: 4080
     0 | D:1      | 0 ||| qw: Always use a shield: true
     0 | D:1      | 0 ||| qw: God list: Okawaru
     0 | D:1      | 0 ||| qw: Allow faded altars: false
     0 | D:1      | 0 ||| qw: Do Orc after D:15 true
     0 | D:1      | 0 ||| qw: Do second Lair branch before Depths: true
     0 | D:1      | 0 ||| qw: Lair rune preference: random
     0 | D:1      | 0 ||| qw: Plans: Normal, Zot:1-4, Slime:5, God:TSO, Crypt,
                  | Tomb, Abyss, Pan, Hells, Win
     0 | D:1      | 0 ||| PLANNING D:1-11
   267 | D:1      | Reached XP level 2. HP: 17/17 MP: 2/2
   311 | D:1      | You fall into a shaft and drop 1 floor!
   312 | D:2      | 312 ||| UPGRADING to +0 ring mail.
   322 | D:2      | 322 ||| DROPPING +0 leather armour.
   323 | D:2      | 323 ||| UPGRADING to +2 helmet.
   328 | D:2      | 328 ||| READING scroll labelled ZEL URHIUN.
   333 | D:2      | 333 ||| READING scroll labelled LUZXAV KO KOFIY.
   334 | D:2      | 334 ||| DROPPING scroll of butterflies.
   671 | D:2      | Reached skill level 1 in Armour
   705 | D:2      | Found Kalloy's Assorted Antiques.
   708 | D:2      | 708 ||| SHOPLISTING 2 silvery potions (28 gold, have 13).
   708 | D:2      | 708 ||| SHOPLISTING fizzy puce potion (14 gold, have 13).
   708 | D:2      | 708 ||| SHOPLISTING fizzy ruby potion (14 gold, have 13).
   708 | D:2      | 708 ||| SHOPLISTING glowing opal ring (80 gold, have 13).
   708 | D:2      | 708 ||| SHOPLISTING scroll labelled CEFASE GEECYE (16 gold,
                  | have 13).
   708 | D:2      | 708 ||| SHOPLISTING scroll labelled CYSKUCKAHEMP (16 gold,
                  | have 13).
   708 | D:2      | 708 ||| SHOPLISTING scroll of identify (32 gold, have 13).
   995 | D:2      | Reached XP level 3. HP: 21/21 MP: 3/3
  1262 | D:2      | Found a faded altar of an unknown god.
  1556 | D:2      | 1556 ||| UPGRADING to ring of resist corrosion.
  1557 | D:2      | 1557 ||| READING scroll labelled OMIECR BYCIDY.
  1621 | D:3      | Reached skill level 5 in Ranged Weapons
  1744 | D:3      | Reached skill level 3 in Fighting
  1744 | D:3      | Reached XP level 4. HP: 28/28 MP: 4/4
  2008 | D:3      | 2008 ||| FLEEEEING.
  2009 | D:3      | 2009 ||| FLEEEEING.
  2016 | D:3      | Reached XP level 5. HP: 31/32 MP: 5/5
  2342 | D:3      | 2342 ||| UPGRADING to ring of positive energy.
  2343 | D:3      | 2343 ||| READING scroll labelled HYSTRE NEEZU.
  2362 | D:3      | 2362 ||| READING scroll labelled KOCKAL JULILO.
  2363 | D:3      | 2363 ||| DRINKING 2 bubbling puce potions.
  2480 | D:4      | Reached skill level 6 in Ranged Weapons
  2525 | D:4      | Found a hazy altar of Hepliaklqana.
  2862 | D:4      | 2862 ||| UPGRADING to +2 ring mail of cold resistance.
  2872 | D:4      | 2872 ||| DROPPING +0 ring mail.
  2873 | D:4      | 2873 ||| UPGRADING to amulet of guardian spirit.
  2878 | D:4      | 2878 ||| UPGRADING to +6 ring of dexterity.
  2880 | D:4      | 2880 ||| UPGRADING to ring of resist corrosion.
  2882 | D:4      | 2882 ||| READING scroll labelled CEFASE GEECYE.
  2890 | D:5      | Entered Level 5 of the Dungeon
  2896 | D:5      | Found a staircase to the Ecumenical Temple.
  2897 | D:5      | 2897 ||| PLANNING TEMPLE
  2905 | Temple   | Entered the Ecumenical Temple
  3061 | Temple   | 3061 ||| PLANNING OKAWARU WORSHIP
  3131 | Temple   | Became a worshipper of Warmaster Okawaru
  3131 | Temple   | 3131 ||| PLANNING D:1-11
  3132 | Temple   | 3132 ||| REMOVING amulet of guardian spirit.
  3295 | D:5      | Reached XP level 6. HP: 36/39 MP: 6/6
  3367 | D:5      | Found a shadowy altar of Dithmenos.
  3441 | D:5      | 3441 ||| SWAPPING to +0 orcbow.
  3442 | D:5      | 3442 ||| DROPPING +0 shortbow.
  3514 | D:5      | Found a runed translucent door.
  3517 | D:5      | Noticed qw's ghost (novice MiHu)
  3526 | D:5      | Found an ornate altar of the Wu Jian Council.
  3610 | D:5      | Found a runed translucent door.
  3693 | D:5      | Found a shimmering blue altar of Sif Muna.
  3878 | D:5      | 3878 ||| UPGRADING to +0 cloak.
  3883 | D:5      | 3883 ||| READING scroll of enchant armour.
  3883 | D:5      | 3883 ||| ENCHANTING +0 cloak.
  3884 | D:5      | 3884 ||| READING scroll labelled VODEAX MITHAERHITU.
  3885 | D:5      | 3885 ||| READING scroll labelled GOJEVE FUXO.
  3886 | D:5      | 3886 ||| READING scroll labelled TORUZENEBA.
  3887 | D:5      | 3887 ||| DRINKING 2 bubbling cyan potions.
  3888 | D:5      | 3888 ||| DRINKING 2 fizzy ruby potions.
  3889 | D:5      | 3889 ||| READING 2 scrolls of identify.
  3889 | D:5      | 3889 ||| IDENTIFYING grey potion
  3905 | D:5      | Reached * piety under Okawaru
  3906 | D:5      | Reached XP level 7. HP: 44/44 MP: 7/7
  4000 | D:6      | Reached skill level 1 in Invocations
  4088 | D:6      | Reached skill level 7 in Ranged Weapons
  4122 | D:6      | Noticed a two-headed ogre
  4124 | D:6      | 4124 ||| INVOKING Heroism.
  4129 | D:6      | HP: 9/44 [two-headed ogre/+0 dire flail (4)]
  4130 | D:6      | 4130 ||| READING 7 scrolls of teleportation.
  4131 | D:6      | 4131 ||| DRINKING potion of heal wounds.
  4237 | D:6      | 4237 ||| INVOKING Heroism.
  4238 | D:6      | 4238 ||| INVOKING Heroism.
  4246 | D:6      | Reached skill level 3 in Invocations
  4679 | D:6      | 4679 ||| INVOKING Heroism.
  4698 | D:6      | 4698 ||| INVOKING Heroism.
  4705 | D:6      | Killed a two-headed ogre
  4706 | D:6      | Reached skill level 8 in Ranged Weapons
  4706 | D:6      | Reached XP level 8. HP: 46/48 MP: 7/12
  4739 | D:6      | 4739 ||| UPGRADING to amulet of regeneration.
  4744 | D:6      | 4744 ||| DROPPING amulet of guardian spirit.
  4745 | D:6      | 4745 ||| UPGRADING to ring of willpower.
  4769 | D:6      | 4769 ||| READING 2 scrolls of identify.
  4769 | D:6      | 4769 ||| IDENTIFYING sapphire potion
  4773 | D:7      | 4773 ||| PLANNING OSSUARY
  4810 | D:7      | 4810 ||| Stepping ~*~*~tactically~*~*~ (outnumbered).
  4811 | D:7      | 4811 ||| Stepping ~*~*~tactically~*~*~ (outnumbered).
  4825 | D:7      | Reached ** piety under Okawaru
  4843 | D:7      | Found a white marble altar of Elyvilon.
  4905 | D:7      | 4905 ||| INVOKING Heroism.
  4920 | D:7      | 4920 ||| DRINKING 5 potions of curing.
  4920 | D:7      | 4920 ||| (to cure confusion)
  4922 | D:7      | 4922 ||| INVOKING Heroism.
  4963 | D:7      | Reached skill level 9 in Ranged Weapons
  4963 | D:7      | Reached XP level 9. HP: 38/54 MP: 13/13
  4964 | D:7      | 4964 ||| INVOKING Heroism.
  4968 | D:7      | Reached skill level 3 in Dodging
  4971 | D:7      | 4971 ||| FLEEEEING.
  5015 | D:7      | 5015 ||| INVOKING Heroism.
  5027 | D:7      | Reached skill level 6 in Fighting
  5055 | D:7      | Found a basalt altar of Yredelemnul.
  5203 | D:7      | Reached skill level 10 in Ranged Weapons
  5214 | D:7      | Reached skill level 3 in Armour
  5293 | D:7      | Found a runed translucent door.
  5294 | D:7      | Noticed Crazy Yiuf
  5342 | D:7      | 5342 ||| INVOKING Heroism.
  5505 | D:7      | Noticed Prince Ribbit
  5506 | D:7      | 5506 ||| INVOKING Heroism.
  5510 | D:7      | Killed Prince Ribbit
  5596 | D:7      | 5596 ||| Stepping ~*~*~tactically~*~*~ (outnumbered).
  5597 | D:7      | 5597 ||| Stepping ~*~*~tactically~*~*~ (outnumbered).
  5607 | D:7      | 5607 ||| INVOKING Heroism.
  5655 | D:7      | 5655 ||| RIP OSSUARY
  5655 | D:7      | 5655 ||| PLANNING D:1-11
  6025 | D:7      | 6025 ||| DRINKING 2 amethyst potions.
  6026 | D:7      | 6026 ||| DRINKING 2 lumpy golden potions.
  6027 | D:7      | 6027 ||| DROPPING potion of degeneration.
  6106 | D:8      | 6106 ||| Stepping ~*~*~tactically~*~*~ (outnumbered).
  6112 | D:8      | Reached XP level 10. HP: 63/63 MP: 14/14
  6147 | D:8      | 6147 ||| INVOKING Heroism.
  6156 | D:8      | Reached skill level 11 in Ranged Weapons
  6170 | D:8      | HP: 14/64 [polar bear (14)]
  6171 | D:8      | 6171 ||| READING 7 scrolls of teleportation.
  6172 | D:8      | 6172 ||| DRINKING potion of heal wounds.
  6176 | D:8      | 6176 ||| FLEEEEING.
  6177 | D:8      | 6177 ||| FLEEEEING.
  6179 | D:8      | 6179 ||| FLEEEEING.
  6182 | D:8      | 6182 ||| FLEEEEING.
  6183 | D:8      | 6183 ||| INVOKING Heroism.
  6183 | D:8      | HP: 15/64 [orc priest/divine providence (16)]
  6184 | D:8      | 6184 ||| READING 6 scrolls of teleportation.
  6197 | D:8      | HP: 11/64 [wolf (7)]
  6198 | D:8      | 6198 ||| READING 5 scrolls of teleportation.
  6202 | D:8      | Noticed Joseph
  6203 | D:8      | 6203 ||| READING 4 scrolls of teleportation.
  6206 | D:8      | HP: 10/64 [Joseph/sling bullet (5)]
  6209 | D:8      | 6209 ||| READING 3 scrolls of teleportation.
  6213 | D:8      | 6213 ||| INVOKING Heroism.
  6255 | D:8      | 6255 ||| INVOKING Heroism.
  6265 | D:8      | 6265 ||| Stepping ~*~*~tactically~*~*~ (cloud).
  6273 | D:8      | Found a staircase to the Lair.
  6320 | D:8      | Killed Joseph
  6321 | D:8      | Reached skill level 12 in Ranged Weapons
  6408 | D:8      | Reached *** piety under Okawaru
  6425 | D:8      | 6425 ||| DROPPING +0 leather armour of poison resistance.
  6433 | D:7      | Found a bloodstained altar of Trog.
  6434 | D:7      | 6434 ||| PLANNING LAIR
  6480 | Lair:1   | Entered Level 1 of the Lair of Beasts
  6582 | Lair:1   | 6582 ||| INVOKING Heroism.
  6711 | Lair:1   | Noticed a death yak
  6711 | Lair:1   | Noticed a death yak
  6711 | Lair:1   | Noticed a death yak
  6712 | Lair:1   | 6712 ||| INVOKING Heroism.
  6712 | Lair:1   | Noticed a death yak
  6713 | Lair:1   | Noticed a death yak
  6713 | Lair:1   | Noticed a death yak
  6722 | Lair:1   | HP: 15/64 [death yak (4)]
  6723 | Lair:1   | 6723 ||| READING 2 scrolls of teleportation.
  6723 | Lair:1   | Slain by a death yak

Levels and vault maps discovered:
D:1:      minmay_arrival_up_and_down, layout_basic
D:2:      layout_basic, serial_shops, nicolae_shop_window_shopping,
          chequers_ecumenical_altar_grove
D:3:      layout_loops_ring, minmay_misc_feat_square
D:4:      layout_cave_pools, mainiacjoe_overflow_alcove_4, minivault_1
D:5:      layout_basic, nzn_wu_jian_council_hall, mainiacjoe_overflow_big_doors,
          minmay_temple_entry_stoned_glass, ebering_ghost_sewer_f
D:6:      layout_basic
D:7:      old_forge, layout_loops_corners, mainiacjoe_overflow_small_starburst,
          elyvilon_altar_4, nicolae_overflow_hidden_temple, enter_ossuary_2,
          enter_bailey_5, solitary_fountain, minmay_between,
          uniq_crazy_yiuf_cottage, uniq_prince_ribbit1
D:8:      layout_rooms, hellmonk_lair_entry_icy, st_stairs_12, uniq_joseph
Temple:   nicolae_temple_figure_eight
Lair:1:   gammafunk_indiana_jones, layout_long_grid, gammafunk_ghost_arena,
          beast_lair_carwin_7, serial_bayou_shore_a

Skill      XL: |  1  2  3  4  5  6  7  8  9 10 |
---------------+-------------------------------+-----
Armour         | 1 2 3 4 |  4.3
Ranged Weapons | 5 6 8 9 10 12 | 12.3
Fighting       | 3 4 5 7 8 |  8.0
Dodging        | 2 3 4 |  4.1
Invocations    | 5 |  5.5
Stealth        | |  1.1

Action                     |  1- 3 |  4- 6 |  7- 9 | 10-12 || total
---------------------------+-------+-------+-------+-------++-------
   Fire: Shortbow          |    79 |   160 |       |       ||   239
         Orcbow            |       |    16 |   289 |   178 ||   483
 Invoke: Heroism           |       |       |    11 |     6 ||    17
    Use: Scroll            |     3 |     8 |     2 |     6 ||    19
         Potion            |       |     3 |     4 |     1 ||     8
 Armour: Leather armour    |     8 |       |       |       ||     8
         Ring mail         |     4 |    69 |    76 |    86 ||   235
  Dodge: Dodged            |    11 |    79 |   141 |   128 ||   359

Table legend:
 A = Non-vault XP
 B = Vault XP
 C = Vault XP percentage of total XP
 D = Non-vault monster count
 E = Vault monster count
 F = Vault count percentage of total count
                 A         B        C        D         E       F
            +---------+---------+-------+---------+---------+-------
      Total |    5221 |    3098 |  37.2 |     128 |      31 |  19.5
            +---------+---------+-------+---------+---------+-------
        D:1 |      24 |       0 |   0.0 |      17 |       0 |   0.0
        D:2 |      24 |       0 |   0.0 |      15 |       0 |   0.0
        D:3 |     130 |       0 |   0.0 |      21 |       0 |   0.0
        D:4 |      94 |       0 |   0.0 |      12 |       0 |   0.0
        D:5 |     354 |       0 |   0.0 |       6 |       0 |   0.0
        D:6 |    1350 |       0 |   0.0 |      12 |       0 |   0.0
        D:7 |    1552 |    1030 |  39.9 |      30 |      20 |  40.0
        D:8 |     565 |    2068 |  78.5 |       9 |      11 |  55.0
     Lair:1 |    1128 |       0 |   0.0 |       6 |       0 |   0.0
            +---------+---------+-------+---------+---------+-------
